 Dungeon Crawl Stone Soup version 0.29-a0-284-gf9362112df (webtiles) character file.

Game seed: 12873580010475317119

23 croobank the Skirmisher (level 2, 0/27 HPs)
             Began as a Hill Orc Fighter on Mar 29, 2022.
             Succumbed to a kobold's poison
             ... on level 1 of the Dungeon.
             The game lasted 00:02:00 (526 turns).

croobank the Skirmisher (Hill Orc Fighter)           Turns: 526, Time: 00:02:00

Health: 0/27       AC:  6    Str: 18    XL:     2   Next: 95%
Magic:  2/2        EV:  9    Int:  8    God:
Gold:   20         SH:  4    Dex: 10    Spells: 1/1 levels left

rFire   . . .      SeeInvis .   a - +0 war axe
rCold   . . .      Faith    .   c - +0 buckler
rNeg    . . .      Spirit   .   f - +0 scale mail
rPois   .          Reflect  .   (no helmet)
rElec   .          Harm     .   (no cloak)
rCorr   .          Rampage  .   (no gloves)
Will    .....                   (no boots)
Stlth   ..........              (no amulet)
HPRegen 0.09/turn               (no ring)
MPRegen 0.08/turn               (no ring)

@: lethally poisoned (0 -> -5)
A: no striking features
a: no special abilities


You were on level 1 of the Dungeon.
You visited 1 branch of the dungeon, and saw 1 of its levels.

You collected 20 gold pieces.

Inventory:

Hand Weapons
 a - a +0 war axe (weapon)
 b - a +0 hunting sling
Missiles
 e - 26 stones (quivered)
Armour
 c - a +0 buckler (worn)
 f - a +0 scale mail (worn)
Potions
 d - a potion of might


   Skills:
 + Level 4.0 Fighting
 + Level 3.2 Axes
 + Level 3.6 Armour
 + Level 3.6 Shields


You had one spell level left.
You didn't know any spells.
Your spell library was empty.

Dungeon Overview and Level Annotations

Branches:
Dungeon (1/15)

Altars:


Message History

The goblin barely misses you.
You hit the goblin.
You kill the goblin!
The dart slug launches a dart at you. The slug dart hits you.
The dart slug barely misses you.
You see here a +0 club.
You slash the dart slug!
You kill the dart slug!
Your Fighting skill increases to level 4!
A kobold comes into view.
It is wielding a +2 short sword of venom.
The kobold shouts!
The kobold barely misses you.
You closely miss the kobold.
The kobold hits you with a +2 short sword of venom.
You are poisoned.
You barely miss the kobold.
You feel very sick.
The kobold hits you with a +2 short sword of venom.
You are more poisoned.
The kobold hits you with a +2 short sword of venom.
You are lethally poisoned!
Unknown command.
You slash the kobold!
You kill the kobold!
You feel very sick.
You feel very sick.
You see here a +2 short sword of venom.
* * * LOW HITPOINT WARNING * * *
You feel very sick.
You see here a coppery potion.
It was a potion of magic.
Magic courses through your body.
* * * LOW HITPOINT WARNING * * *
You feel sick.
You aren't carrying any scrolls.
* * * LOW HITPOINT WARNING * * *
You feel sick.
* * * LOW HITPOINT WARNING * * *
You feel sick.
You die...

#.# ###.# #...#
#.### #.# ###)###
#.....#
###.....######.#
.........@......#
####.....########
#.....# ###.###
#.# ..# ###


There were no monsters in sight!

Vanquished Creatures
  A dart slug (D:1)
  3 ball pythons (D:1)
  An endoplasm (D:1)
  4 goblins (D:1)
  A hobgoblin (D:1)
  2 kobolds (D:1)
  2 bats (D:1)
  3 frilled lizards (D:1)
  2 rats (D:1)
19 creatures vanquished.

Notes
Turn   | Place    | Note
-------+----------+-------------------------------------------
     0 | D:1      | croobank the Hill Orc Fighter began the quest for the Orb.
     0 | D:1      | Reached XP level 1. HP: 19/19 MP: 1/1
    67 | D:1      | Reached XP level 2. HP: 27/27 MP: 2/2
   485 | D:1      | Reached skill level 4 in Fighting
   525 | D:1      | HP: 1/27 [poisoned by a kobold]
   526 | D:1      | Succumbed to a kobold's poison

Illustrated notes

Levels and vault maps discovered:
D:1:      erik_arrival_orb_chamber, layout_loops_ring

Skill      XL: |  1  2 |
---------------+-------+-----
Axes           | 3 |  3.2
Fighting       | 4 |  4.0
Armour         | |  3.6
Shields        | |  3.6

Action                   || total
-------------------------++-------
Melee: War axe           ||    49
  Use: Potion            ||     1
Armor: Scale mail        ||    23
Dodge: Dodged            ||    27
Block: Buckler           ||    11

Table legend: (Time is in decaauts)
 A = Elapsed time spent in this place.
 B = Non-inter-level travel time spent in this place.
 C = Inter-level travel time spent in this place.
 D = Time resting spent in this place.
 E = Time spent auto-exploring this place.
 F = Levels seen in this place.
 G = Mean time per level.
                   A        B        C        D        E       F      G
               +--------+--------+--------+--------+--------+-----+--------+
         Total |    545 |    545 |      0 |    234 |    127 |   1 |  545.0 |
       Dungeon |    545 |    545 |      0 |    234 |    127 |   1 |  545.0 |
               +--------+--------+--------+--------+--------+-----+--------+

Top non-repeatable levels by time:
     D:1: 545 daAuts
